Map: Winter's Gate LE

Players

OhrlRokK

  • Race: Protoss Protoss
  • League: Master
  • Spawn Location: 5:00

PANDA - Winner!

  • Race: Terran Terran
  • League: Master
  • Spawn Location: 11:00

VOD

Have the link to the VOD?

Description

Time

  • Played on: Aug. 23, 2019, 4:23 a.m.
  • Length: 11:27
Show
View Real Time Build Order
Export as new Build Order

OhrlRokK Protoss 

Build Orders: 1 Gate Expand, Oracle Opening 

Get SALT Encoding   

  12  0:00  Probe  
  13  0:13  Probe  
  14  0:22  Pylon  
  14  0:25  Probe  
  15  0:39  Probe  
  15  0:40  Gateway  
  16  0:47  Probe  
  16  0:48  Assimilator  
  16  0:55  Probe  
  18  1:06  Probe  
  19  1:18  Probe  
  20  1:27  Cybernetics Core  
  21  1:36  Nexus  
  20  1:41  Pylon  
  20  1:44  Probe  
  21  1:50  Assimilator  
  21  1:53  Adept  
  21  1:56  Probe  
  24  2:08  Probe  
  24  2:14  Warp Gate  
  25  2:20  Probe  
  26  2:32  Probe  
  27  2:37  Stargate  
  27  2:44  Probe, Adept  
  29  2:49  Probe  
  31  2:57  Probe  
  32  3:01  Probe  
  33  3:09  Probe  
  33  3:11  Gateway  
  34  3:13  Oracle, Gateway, Probe  
  34  3:18  Shield Battery  
  35  3:21  Probe  
  39  3:29  Adept  
  39  3:33  Pylon  
  41  3:35  Probe  
  41  3:37  Probe  
  43  3:45  Oracle  
  43  3:47  Probe  
  43  3:50  Probe  
  47  4:00  Probe  
  48  4:03  Probe  
  48  4:05  Pylon  
  49  4:16  Oracle  
  49  4:29  Adept x3  
  58  4:32  Probe  
  58  4:34  Pylon  
  59  4:41  Twilight Council  
  59  4:47  Gateway, Probe  
  59  4:48  Probe  
  61  4:55  Stalker x2  
  61  4:57  Adept  
  58  5:25  Probe  
  58  5:27  Probe, Charge  
  52  5:34  Stalker x2  
  56  5:40  Probe  
  57  5:45  Probe, Assimilator  
  57  5:48  Forge  
  58  5:50  Nexus  
  58  5:53  Robotics Facility  
  58  5:55  Gateway x2  
  58  6:00  Probe  
  58  6:01  Gateway  
  58  6:02  Probe, Gateway, Pylon  
  60  6:07  Gateway  
  60  6:08  Protoss Ground Armor Level 1  
  60  6:10  Sentry  
  58  6:11  Zealot x2  
  58  6:12  Probe  
  58  6:14  Probe  
  58  6:17  Pylon, Assimilator  
  64  6:24  Probe  
  65  6:26  Probe  
  66  6:36  Probe  
  66  6:38  Probe  
  66  6:39  Pylon  
  68  6:40  Observer, Pylon  
  68  6:43  Zealot x2  
  68  6:44  Zealot  
  75  6:49  Probe  
  75  6:50  Probe  
  77  6:56  Immortal  
  77  7:00  Blink  
  77  7:02  Gateway  
  77  7:04  Gateway  
  81  7:11  Probe  
  81  7:13  Probe x2  
  84  7:22  Robotics Bay  
  84  7:23  Probe  
  84  7:25  Probe x2  
  84  7:28  Pylon  
  87  7:39  Stalker x3  
  87  7:40  Zealot x3  
  87  7:41  Zealot  
  101  7:48  Probe  
  101  7:50  Assimilator  
  102  7:55  Pylon x2  
  102  8:00  Protoss Ground Weapons Level 1  
  102  8:06  Probe  
  102  8:07  Pylon  
  102  8:08  Disruptor  
  102  8:09  Pylon  
  106  8:15  Probe  
  106  8:17  Assimilator  
  106  8:19  Nexus  
  104  8:20  Probe  
  104  8:25  Probe  
  105  8:27  Probe  
  105  8:34  Stalker x6  
  118  8:44  Disruptor  
  122  8:48  Probe  
  122  8:59  Probe  
  123  9:05  Probe  
  120  9:11  Pylon  
  120  9:13  Pylon  
  120  9:15  Probe  
  109  9:20  Disruptor  
  109  9:21  Robotics Facility  
  112  9:31  Probe  
  112  9:32  Forge  
  112  9:34  Templar Archives  
  112  9:35  Stalker x6  
  112  9:36  Probe, Stalker x3  
  112  9:37  Probe  
  112  9:38  Zealot  
  133  9:43  Assimilator  
  135  9:47  Photon Cannon  
  135  9:48  Probe  
  135  9:51  Assimilator  
  136  9:52  Shield Battery  
  136  9:53  Probe  
  136  9:54  Photon Cannon  
  136  9:55  Disruptor  
  140  10:02  Photon Cannon  
  140  10:04  Photon Cannon  
  140  10:06  Photon Cannon  
  113  10:23  Zealot x8  
  106  10:46  High Templar  
  106  10:47  High Templar x3  
  106  10:48  High Templar x2  
  106  10:49  Zealot x4  
  120  10:51  Archon x2  
  120  10:52  Archon  
  117  11:10  Zealot x4  
  95  11:19  Zealot x3  
  95  11:20  Zealot  
Show
View Real Time Build Order
Export as new Build Order

PANDA Terran - Winner!

Build Orders: Reaper Expand, Mech 

Get SALT Encoding   

  12  0:00  SCV  
  13  0:12  SCV  
  14  0:17  Supply Depot  
  14  0:24  SCV  
  15  0:39  SCV  
  15  0:40  Barracks  
  16  0:43  Refinery  
  16  0:51  SCV  
  17  1:03  SCV  
  18  1:15  SCV  
  19  1:27  Reaper  
  19  1:29  Orbital Command  
  20  1:41  Command Center  
  20  1:50  Supply Depot  
  20  1:56  SCV  
  20  1:59  Marine  
  22  2:07  Factory  
  22  2:11  SCV  
  23  2:15  Refinery  
  23  2:20  Barracks Reactor  
  23  2:23  SCV  
  24  2:35  SCV  
  25  2:50  SCV  
  26  2:52  Starport  
  26  2:56  Orbital Command  
  26  3:02  SCV  
  26  3:05  Barracks Tech Lab, Hellion x2  
  31  3:14  SCV  
  32  3:22  SCV  
  32  3:26  SCV  
  37  3:34  SCV  
  37  3:35  Marine x2  
  37  3:37  Siege Tank, Starport Tech Lab  
  37  3:39  SCV  
  37  3:40  Supply Depot  
  41  3:46  SCV  
  42  3:51  SCV  
  43  3:56  Command Center  
  43  3:58  SCV  
  43  4:00  Marine x2  
  43  4:02  Raven  
  48  4:08  Supply Depot x2  
  49  4:10  SCV  
  49  4:15  SCV  
  50  4:17  Cyclone  
  50  4:22  SCV  
  53  4:24  Refinery  
  53  4:26  Refinery  
  53  4:27  SCV  
  53  4:29  Marine x2  
  56  4:32  Supply Depot  
  56  4:38  SCV  
  56  4:39  SCV  
  56  4:44  Bunker  
  58  4:50  Cyclone, Viking, SCV  
  64  4:53  Marine x2  
  64  4:54  SCV  
  67  5:02  Bunker  
  67  5:06  SCV  
  63  5:22  SCV  
  63  5:25  SCV  
  63  5:28  Cyclone, Marine x2  
  68  5:30  Orbital Command  
  67  5:38  SCV  
  67  5:39  SCV  
  67  5:40  Factory  
  67  5:41  Factory  
  69  5:50  Marine x2, SCV  
  69  5:51  SCV  
  69  5:53  Armory  
  69  5:55  Armory  
  73  5:57  SCV  
  73  6:02  SCV  
  73  6:03  SCV  
  76  6:08  Siege Tank  
  76  6:10  SCV  
  80  6:13  Supply Depot x2  
  80  6:14  Supply Depot  
  80  6:15  SCV  
  81  6:20  SCV  
  83  6:27  SCV  
  83  6:28  Orbital Command  
  83  6:32  SCV  
  84  6:33  Siege Tank  
  84  6:39  Refinery, SCV  
  88  6:42  Refinery  
  88  6:43  Supply Depot  
  88  6:44  SCV  
  89  6:51  SCV  
  89  6:52  Siege Tank  
  89  6:53  Barracks Reactor, Starport Tech Lab, Hellion x2  
  97  6:55  SCV  
  97  6:56  SCV  
  99  7:02  Terran Vehicle Weapons Level 1, Terran Vehicle And Ship Armor Level 1  
  99  7:03  SCV  
  99  7:07  SCV  
  101  7:08  Supply Depot, SCV  
  101  7:09  Supply Depot  
  101  7:11  Siege Tank  
  101  7:15  SCV  
  104  7:23  Factory x2  
  104  7:24  SCV x2  
  104  7:25  Engineering Bay  
  104  7:28  SCV  
  110  7:30  Siege Tank  
  110  7:32  Hellion x2  
  110  7:36  SCV x2  
  116  7:39  Supply Depot  
  116  7:40  SCV, Infernal Pre-Igniter  
  116  7:42  Mag-Field Accelerator  
  116  7:48  SCV x2  
  118  7:52  SCV  
  118  7:54  Siege Tank  
  118  7:55  Hellion x2  
  126  8:00  SCV  
  126  8:01  SCV  
  126  8:02  Siege Tank  
  126  8:03  Supply Depot  
  126  8:04  SCV  
  126  8:05  Supply Depot  
  134  8:13  SCV  
  134  8:15  Command Center  
  137  8:24  Starport Reactor  
  137  8:25  Barracks Tech Lab  
  137  8:26  Siege Tank, Hellion x2  
  140  8:27  Factory  
  140  8:29  Factory  
  140  8:31  Hellion x2  
  146  8:34  Hellion  
  146  8:42  Siege Tank  
  146  8:47  Hellion  
  151  8:50  Supply Depot  
  151  8:51  Supply Depot  
  151  8:52  Supply Depot x2  
  151  8:55  Siege Tank  
  154  8:57  Missile Turret  
  154  8:58  Missile Turret  
  154  8:59  Hellion x4  
  154  9:00  Missile Turret  
  154  9:01  Missile Turret  
  154  9:02  Smart Servos  
  156  9:14  Starport Reactor  
  156  9:18  Siege Tank, Hellion  
  156  9:20  Siege Tank  
  156  9:23  Hellion x2  
  168  9:27  Siege Tank  
  171  9:31  Sensor Tower  
  171  9:37  Hellion  
  176  9:39  Hellion  
  176  9:42  Refinery  
  176  9:43  Sensor Tower  
  176  9:45  Refinery  
  178  9:49  Siege Tank, Hellion  
  178  9:50  Hellion  
  182  9:55  Siege Tank  
  183  10:08  Siege Tank, Hellion x2  
  190  10:20  Cyclone  
  189  10:21  Cyclone  
  189  10:25  Hellion x3  
  198  10:35  Siege Tank, Hellion x2  
  199  10:36  Hellion  
  199  10:40  Cyclone  
  199  10:42  Planetary Fortress  
  199  10:47  Hellion  
  199  10:50  Command Center  
  199  10:51  Command Center  
  196  11:00  Hellion x3  
  196  11:03  Hellion  
Tags
 
Add a new tag
Caveats
  • Supply blocks, unpowered buildings, or Contaminate may cause inaccurate times.
  • Supply counts are checked every 10 seconds.